 Dungeon Crawl Stone Soup version 0.18-a0-1225-g5d63bca (webtiles) character file.

23853 abixa the Prestidigitator (level 13, -3/102 HPs)
             Began as a Human Gladiator on Feb 3, 2016.
             Was a High Priest of Okawaru.
             Slain by a thrashing horror (7 damage)
             ... on level 3 of the Abyss.
             The game lasted 01:14:14 (20435 turns).

abixa the Prestidigitator (Human Gladiator)        Turns: 20435, Time: 01:14:15

Health: -3/102     AC: 10    Str: 14    XL:     13   Next: 38%
Magic:  21/21      EV: 24    Int:  8    God:    Okawaru [*****.]
Gold:   702        SH:  0    Dex: 23    Spells: 0 memorised, 12 levels left

rFire  + . .     SeeInvis .     D - +9 rapier "Joqihu Hofy" {distort, +Fly rElec rPois Stlth+}
rCold  + . .     Gourm    .     R - +2 robe {rC+ rF+}
rNeg   . . .     Faith    .     (no shield)
rPois  +         Spirit   .     c - +0 helmet
rElec  +         Dismiss  .     M - +0 cloak
rCorr  .         Reflect  .     (no gloves)
SustAt .         Harm     .     a - +2 pair of boots {Stlth+}
MR     .....                    e - amulet of regeneration
Stlth  ++++......               n - +4 ring of evasion
                                K - +4 ring of dexterity

@: vulnerable, very slightly contaminated, slowed, very slow, not resistant to
hostile enchantments, stealthy
A: weak 1
a: Heroism, Finesse, Renounce Religion, Evoke Flight


You were on level 3 of the Abyss.
You worshipped Okawaru.
Okawaru was extremely pleased with you.
You were hungry.

You visited 3 branches of the dungeon, and saw 15 of its levels.
You visited the Abyss 1 time.
You visited 1 bazaar.

You collected 931 gold pieces.
You spent 229 gold pieces at shops.

Inventory:

Hand Weapons
 D - the +9 rapier "Joqihu Hofy" (weapon) {distort, +Fly rElec rPois Stlth+}
   (You found it on level 6 of the Dungeon)

   It warps and distorts space around it.
   Unwielding it can cause banishment or high damage.
   It insulates you from electricity.
   It protects you from poison.
   It lets you fly.
   It makes you more stealthy.
Missiles
 d - 2 throwing nets (quivered)
 f - 2 curare-tipped needles
 i - 2 tomahawks of dispersal
 B - 5 tomahawks
 E - 9 poisoned needles
 T - 6 javelins of returning
Armour
 a - a +2 pair of boots of stealth (worn)
 c - a +0 helmet (worn)
 k - a +1 scale mail of fire resistance
 y - a +0 chain mail
 L - a +0 scale mail
 M - a +0 cloak (worn)
 R - a +2 robe of resistance (worn)
Jewellery
 e - an amulet of regeneration (around neck)
 n - a +4 ring of evasion (right hand)
 r - an uncursed ring of protection from fire {unknown}
 K - a +4 ring of dexterity (left hand)
Wands
 b - a wand of polymorph (2/24)
 j - a wand of iceblast (0/15)
 m - a wand of paralysis (11/24)
 s - a wand of lightning (3/15)
 z - a wand of lightning (8/15)
 U - a wand of digging (18/24)
 Z - a wand of hasting (0/9)
Scrolls
 g - 9 scrolls of remove curse
 o - a scroll of silence {unknown}
 t - 3 scrolls of magic mapping
 v - a scroll of fear
 w - 2 scrolls of fog
 A - 3 scrolls of blinking
 F - a scroll of enchant weapon
 J - 5 scrolls of immolation
Potions
 h - a potion of cure mutation {unknown}
 C - a potion of resistance {unknown}
 G - a potion of heal wounds {unknown}
 N - 5 potions of curing
 O - 2 potions of might
 X - a potion of ambrosia {unknown}
Books
 q - a book of Necromancy

   Spells                             Type                      Level
   a - Pain                           Necromancy                   1
   b - Animate Skeleton               Necromancy                   1
   c - Vampiric Draining              Necromancy                   3
   d - Regeneration                   Charms/Necromancy            3
   e - Animate Dead                   Necromancy                   4
   f - Control Undead                 Necromancy                   4
Comestibles
 p - a beef jerky
 u - a meat ration
 x - 5 slices of pizza
 H - 3 chunks of flesh
 I - a bread ration
 Q - 27 fruits


   Skills:
 + Level 9.7 Fighting
   Level 11.0 Long Blades
 - Level 2.0 Throwing
 - Level 8.4 Armour
 + Level 8.2 Dodging
 - Level 2.1 Invocations
 + Level 11.7 Evocations


You had 12 spell levels left.
You didn't know any spells.

Dungeon Overview and Level Annotations

Branches:
Dungeon (12/15)            Temple (1/1) D:4            Lair (2/8) D:11
    Orc (0/2) D:12

Altars:
Ashenzari
Cheibriados
Dithmenos
Elyvilon
Fedhas
Gozag
Kikubaaqudgha
Makhleb
Nemelex Xobeh
Okawaru
Pakellas
Qazlal
Ru
Sif Muna
Trog
Vehumet
Xom
Yredelemnul
Zin
The Shining One
Beogh

Shops:
D:5 *

Annotations:
Lair:1 exclusion: hydra
Lair:2 M4edhros's ghost, journeyman OpAr


Innate Abilities, Weirdness & Mutations

You are weak. (Str -2)


Message History

The thrashing horror closely misses you.
The thrashing horror barely misses you.
The thrashing horror completely misses you.
The thrashing horror misses you. The thrashing horror barely misses you.
The thrashing horror tramples you but does no damage.
The thrashing horror tramples you!
* * * LOW HITPOINT WARNING * * *
You stumble backwards!
The thrashing horror tramples you.
* * * LOW HITPOINT WARNING * * *
You hold your ground!
The thrashing horror tramples you.
* * * LOW HITPOINT WARNING * * *
You hold your ground!
The thrashing horror closely misses you.
The thrashing horror tramples you but does no damage.
The thrashing horror completely misses you.
The thrashing horror tramples you.
* * * LOW HITPOINT WARNING * * *
You stumble backwards!
The thrashing horror tramples you!
You die...

.... ..###.##
#.#...#.#...#
.#.......####
#.#..####..#
....#..#..##
#.......#...#
#.# #X..##..#
#..#.X..##...#
#...@...# ....#
#.#####......##.
.#.##.## # #.. #
##. .


You could see 2 thrashing horrors.

Vanquished Creatures
  A hydra (Lair:1)
  A hill giant (D:10)
  2 ugly things
  A deep elf mage (D:11)
  A manticore (D:12)
  An elephant (D:11)
  A black mamba (Lair:1)
  Psyche (D:10)
  A spiny frog (Lair:2)
  A centaur skeleton (D:11)
  A komodo dragon (Lair:2)
  A troll (D:12)
  A large abomination (Abyss:3)
  5 blink frogs
  Prince Ribbit (D:6)
  A raiju (Abyss:3)
  The ghost of zionn the Cudgeler, an amateur TrBe of Trog (D:4)
  A basilisk (D:12)
  31 yaks
  A neqoxec (Abyss:3)
  4 hippogriffs
  2 hungry ghosts
  2 mottled dragons (D:12)
  7 wolves
  4 water moccasins
  7 orc warriors
  A porcupine (Lair:2)
  2 sky beasts
  3 ice beasts
  2 black bears (D:10)
  2 phantoms
  A wasp (D:10)
  6 ogres
  A necrophage (D:8)
  3 centaurs
  5 crocodiles
  10 giant frogs
  5 small abominations (Abyss:3)
  A water moccasin zombie (D:5)
  A wyvern skeleton (D:9)
  7 scorpions
  12 killer bees
  12 wights
  7 crimson imps
  A giant frog zombie (D:11)
  A quasit (D:12)
  3 hounds
  5 jellies
  Crazy Yiuf (D:6)
  12 orc priests
  2 giant frog skeletons
  An iguana (Lair:1)
  9 orc wizards
  9 worker ants
  6 sheep (Lair:1)
  2 hound zombies
  3 worker ant zombies
  3 gnolls (D:5)
  8 river rats (Lair:1)
  15 adders
  A white imp (Abyss:3)
  2 oozes
  4 worms
  3 giant geckos
  67 orcs
  2 ball pythons
  6 giant cockroaches
  6 goblins
  6 hobgoblins
  15 jackals
  12 kobolds
  7 quokkas
  5 bats
  A giant gecko skeleton (D:8)
  11 giant newts
  A jackal skeleton (D:7)
  A quokka skeleton (D:6)
  2 quokka zombies
  7 rats
  A fungus (Lair:1)
403 creatures vanquished.

Vanquished Creatures (others)
  A hill giant (D:12)
  A centaur zombie (D:10)
  A troll (D:12)
  A two-headed ogre (D:8)
  7 yaks
  A hungry ghost (D:11)
  A hippogriff (Lair:1)
  A wolf (Lair:1)
  2 water moccasins (Lair:1)
  An orc warrior (D:11)
  2 ice beasts (D:11)
  2 sky beasts
  An ogre (D:7)
  2 big kobolds
  2 giant frogs
  A killer bee (D:11)
  A small abomination (Abyss:3)
  2 orc priests
  2 centaur skeletons
  2 iguanas
  A sheep (D:11)
  4 orcs
  A fungus (Lair:2)
  2 plants (D:11)
42 creatures vanquished.

Grand Total: 445 creatures vanquished

Notes
Turn   | Place    | Note
--------------------------------------------------------------
     0 | D:1      | abixa the Human Gladiator began the quest for the Orb.
     0 | D:1      | Reached XP level 1. HP: 16/16 MP: 1/1
   312 | D:1      | Reached XP level 2. HP: 22/22 MP: 2/2
   742 | D:2      | Reached skill level 4 in Long Blades
   742 | D:2      | Reached XP level 3. HP: 22/27 MP: 3/3
  1337 | D:3      | Reached XP level 4. HP: 22/33 MP: 4/4
  1446 | D:3      | Found a shattered altar of Ashenzari.
  1505 | D:3      | Found a radiant altar of Vehumet.
  2109 | D:4      | Noticed zionn's ghost (amateur TrBe)
  2196 | D:4      | Reached skill level 5 in Long Blades
  2196 | D:4      | Reached XP level 5. HP: 32/38 MP: 5/5
  2327 | D:4      | Reached skill level 1 in Evocations
  2772 | D:4      | Reached XP level 6. HP: 22/44 MP: 7/7
  3031 | D:4      | Noticed an ogre
  3220 | D:4      | Found a staircase to the Ecumenical Temple.
  3232 | Temple   | Entered the Ecumenical Temple
  3300 | Temple   | Became a worshipper of Warmaster Okawaru
  3417 | D:5      | Entered Level 5 of the Dungeon
  3554 | D:5      | Found a sacrificial altar of Ru.
  3554 | D:5      | Found a snail-covered altar of Cheibriados.
  3556 | D:5      | Found a glowing golden altar of the Shining One.
  3794 | D:5      | Reached XP level 7. HP: 46/50 MP: 10/10
  3992 | D:5      | Reached skill level 5 in Evocations
  4093 | D:5      | Reached * piety under Okawaru
  4124 | D:5      | Reached skill level 1 in Invocations
  4414 | D:5      | Reached skill level 6 in Long Blades
  4414 | D:5      | Reached XP level 8. HP: 28/56 MP: 12/12
  4788 | D:5      | Found Nuisin's General Store.
  4942 | D:5      | Bought a scroll of identify for 28 gold pieces
  5620 | D:3      | Reached ** piety under Okawaru
  5926 | D:4      | Killed zionn's ghost
  5926 | D:4      | Reached skill level 7 in Long Blades
  6765 | D:5      | Reached skill level 1 in Armour
  6778 | D:5      | Reached XP level 9. HP: 16/62 MP: 14/14
  7437 | D:6      | Found a basalt altar of Yredelemnul.
  7563 | D:6      | Noticed Crazy Yiuf
  7568 | D:6      | Killed Crazy Yiuf
  7699 | D:6      | Got a faintly glowing rapier
  7700 | D:6      | Identified the +9 rapier "Joqihu Hofy" {distort, +Fly rElec rPois Stlth+} (You found it on level 6 of the Dungeon)
  7769 | D:6      | Found a white marble altar of Elyvilon.
  7798 | D:6      | Found an ancient bone altar of Kikubaaqudgha.
  7827 | D:6      | Noticed Prince Ribbit
  7842 | D:6      | Killed Prince Ribbit
  7892 | D:6      | Found a stormy altar of Qazlal.
  8404 | D:7      | Reached skill level 8 in Long Blades
  8571 | D:7      | Reached *** piety under Okawaru
  8951 | D:7      | Reached XP level 10. HP: 66/73 MP: 16/16
  9511 | D:8      | Reached skill level 5 in Fighting
  9580 | D:8      | Found an opulent altar of Gozag.
  9580 | D:8      | Found a glowing silver altar of Zin.
  9914 | D:8      | Reached skill level 5 in Armour
 10001 | D:8      | Found a shimmering altar of Xom.
 10116 | D:9      | Found a sacrificial altar of Ru.
 10116 | D:9      | Noticed an oklob plant
 10127 | D:9      | Banished an oklob plant
 10127 | D:9      | Reached skill level 9 in Long Blades
 10340 | D:9      | Reached **** piety under Okawaru
 10492 | D:9      | Received a gift from Okawaru
 10858 | D:9      | Reached XP level 11. HP: 81/81 MP: 17/17
 10890 | D:9      | Found a deep blue altar of Sif Muna.
 11667 | D:10     | Entered Level 10 of the Dungeon
 11708 | D:10     | Noticed a hill giant
 12259 | D:10     | Noticed a hill giant
 12303 | D:10     | Killed a hill giant
 12436 | D:10     | Found a glowing golden altar of the Shining One.
 12829 | D:10     | Reached skill level 10 in Long Blades
 13008 | D:10     | Noticed Grum
 13016 | D:10     | Noticed Grum
 13016 | D:10     | Grum changed into Grum the sky beast
 13019 | D:10     | Banished Grum the sky beast
 13288 | D:11     | Reached ***** piety under Okawaru
 13355 | D:12     | Found a flickering gateway to a bazaar.
 13364 | Bazaar   | Entered a bazaar
 13368 | Bazaar   | Found Zitec's Antique Armour Boutique.
 13385 | Bazaar   | Found Tudwap Helo's Antique Armour Emporium.
 13402 | Bazaar   | Found Dureuk's Magic Scroll Boutique.
 13419 | Bazaar   | Found Xilluuri's Antique Weapon Shoppe.
 13489 | Bazaar   | Bought a scroll of blinking for 67 gold pieces
 13489 | Bazaar   | Bought a scroll of enchant weapon for 67 gold pieces
 13489 | Bazaar   | Bought a scroll of identify for 18 gold pieces
 13489 | Bazaar   | Bought a scroll of magic mapping for 31 gold pieces
 13489 | Bazaar   | Bought a scroll of identify for 18 gold pieces
 13661 | D:12     | Noticed a green ugly thing
 13918 | D:11     | Found a staircase to the Lair.
 13918 | D:11     | Noticed an elephant
 13932 | D:11     | Received a gift from Okawaru
 13939 | D:11     | Noticed a deep elf mage
 14140 | D:11     | Noticed a white ugly thing
 14156 | D:12     | Noticed a manticore
 14162 | D:12     | Found a staircase to the Orcish Mines.
 14310 | D:12     | Killed a manticore
 14891 | D:12     | Found a shattered altar of Ashenzari.
 14957 | D:12     | Reached skill level 10 in Evocations
 14965 | D:12     | Reached skill level 5 in Dodging
 14995 | D:12     | Noticed a cyan ugly thing
 15012 | D:12     | Killed a cyan ugly thing
 15012 | D:12     | Received a gift from Okawaru
 15012 | D:12     | Reached XP level 12. HP: 78/91 MP: 16/19
 15541 | D:11     | Noticed Psyche
 15668 | D:10     | Killed Psyche
 15668 | D:10     | Received a gift from Okawaru
 16579 | D:11     | Found a roughly hewn altar of Beogh.
 16970 | D:11     | Noticed Maurice
 16971 | D:11     | Noticed Maurice
 16971 | D:11     | Maurice changed into Maurice the ice beast
 16975 | D:11     | Banished Maurice the ice beast
 16994 | D:11     | Reached skill level 11 in Long Blades
 18054 | Lair:1   | Entered Level 1 of the Lair of Beasts
 18234 | Lair:1   | Reached XP level 13. HP: 63/99 MP: 21/21
 18498 | Lair:1   | Noticed a five-headed hydra
 18636 | Lair:1   | Received a gift from Okawaru
 18843 | Lair:1   | Killed a five-headed hydra
 19340 | Lair:2   | Noticed M4edhros's ghost (journeyman OpAr)
 19702 | Lair:2   | Cast into level 3 of the Abyss (M4edhros's ghost)
 19758 | Abyss:3  | Noticed a balrug
 19898 | Abyss:3  | Found a corrupted altar of Lugonu.
 19937 | Abyss:3  | Noticed a starcursed mass
 20376 | Abyss:3  | Noticed a tentacled starspawn
 20393 | Abyss:3  | Noticed a cacodemon
 20396 | Abyss:3  | Gained mutation: You are weak. (Str -2) [a cacodemon]
 20433 | Abyss:3  | HP: 4/102 [thrashing horror (3)]
 20435 | Abyss:3  | Slain by a thrashing horror

Vault maps used:
D:1:      minmay_arrival_plants_in_alcoves
D:2:      feat_on_display
D:3:      ashenzari_conservatory_becter, vehumet_altar_wand_db
D:4:      minmay_temple_entry_fiery, minmay_misc_feat_five
D:5:      grunt_temple_overflow_open, serial_shops, nicolae_shop_stone,
          first_bread
D:6:      kennysheep_ying_yang, lemuel_round_altar, lemuel_crystal_altar,
          uniq_prince_ribbit1, uniq_menkaure, uniq_crazy_yiuf_cottage
D:8:      grunt_temple_overflow_gold_and_silver, lemuel_round_altar,
          blue_anna_alchemist
D:9:      kennysheep_mini_moat, lemuel_oklob_altar
D:10:     basic_altar, uniq_grum
D:11:     david_lair_generic, special_room, uniq_psyche, uniq_maurice
D:12:     minmay_opposing_rooms, orc_0_dummy, serial_shops, bzr_entry_safe,
          evilmike_ruin_ashenzari
Temple:   temple_of_Zot_orb
Abyss:3:  hangedman_cross_veins, evilmike_abyss_exit_14, patterned_corridor
Bazaar:   bazaar_jpeg_circle_common

Action                   |  1- 3 |  4- 6 |  7- 9 | 10-12 | 13-15 || total
-------------------------+-------+-------+-------+-------+-------++-------
Melee: Long sword        |   132 |   181 |    39 |       |       ||   352
       Falchion          |       |       |   474 |       |       ||   474
       Unarmed           |       |       |     6 |       |       ||     6
       Rapier            |       |       |    64 |   807 |   202 ||  1073
Throw: Tomahawk          |       |       |     2 |     4 |       ||     6
       Stone             |       |       |     2 |       |       ||     2
       Javelin           |       |       |       |    17 |     5 ||    22
       Throwing net      |       |       |       |       |     1 ||     1
Invok: Heroism           |       |       |     1 |     1 |       ||     2
Evoke: Wand              |       |       |    10 |    26 |     7 ||    43
  Use: Scroll            |       |       |     6 |    10 |     7 ||    23
 Stab: Sleeping          |       |     1 |       |     2 |     7 ||    10
       Distracted        |       |       |       |     3 |     2 ||     5
  Eat: Chunk             |     1 |     8 |    14 |    31 |     7 ||    61
       Pizza             |       |       |     1 |     1 |       ||     2
       Beef jerky        |       |       |     1 |       |       ||     1
